 Dungeon Crawl Stone Soup version 0.30-a0-29-g142975f185 (webtiles) character file.

Game seed: 2616819116449776752

203 Flugkiller the Chopper (level 5, -12/47 HPs)
             Began as a Minotaur Fighter on Aug 25, 2022.
             Killed by divine providence
             ... invoked by an orc priest
              (14 damage)
             ... on level 3 of the Dungeon.
             The game lasted 00:00:57 (1958 turns).

Flugkiller the Chopper (Minotaur Fighter)           Turns: 1958, Time: 00:00:57

Health: -12/47     AC:  7    Str: 20    XL:     5   Next: 51%
Magic:  4/4        EV:  9    Int:  5    God:
Gold:   169        SH:  4    Dex: 12    Spells: 4/4 levels left

rFire   . . .      SeeInvis .    a - +0 war axe
rCold   . . .      Faith    .    c - +0 buckler
rNeg    . . .      Spirit   .    b - +0 scale mail
rPois   .          Reflect  .    (helmet restricted)
rElec   .          Harm     .    (no cloak)
rCorr   .          Rampage  .    (no gloves)
Will    .....                    (no boots)
Stlth   ..........               f - amulet of regeneration
HPRegen 0.95/turn                (no ring)
MPRegen 0.09/turn                (no ring)

@: lethally poisoned (-12 -> -17)
A: horns 2, retaliatory headbutt
a: no special abilities


You were on level 3 of the Dungeon.
You visited 1 branch of the dungeon, and saw 4 of its levels.

You collected 169 gold pieces.

Inventory:

Hand Weapons
 a - a +0 war axe (weapon)
Armour
 b - a +0 scale mail (worn)
 c - a +0 buckler (worn)
Jewellery
 f - an amulet of regeneration (around neck)
   (You found it on level 1 of the Dungeon)
 o - an amulet of magic regeneration
   (You found it on level 3 of the Dungeon)
Scrolls
 g - 2 scrolls of enchant armour {unknown}
 h - 4 scrolls of identify {unknown}
 i - a scroll of fog {unknown}
 j - 2 scrolls of poison {unknown}
 m - a scroll of enchant weapon {unknown}
 r - 2 scrolls of magic mapping {unknown}
Potions
 d - 3 potions of might
 e - a potion of attraction {unknown}
 k - 2 potions of flight {unknown}
 l - 2 potions of magic {unknown}
 n - a potion of lignification {unknown}
 p - a potion of brilliance {unknown}
 q - 2 potions of curing


   Skills:
 + Level 4.8 Fighting
 * Level 5.2 Axes
 + Level 4.9 Armour
 - Level 3.6 Shields


You had 4 spell levels left.
You didn't know any spells.
Your spell library was empty.

Dungeon Overview and Level Annotations

Branches:
Dungeon (4/15)
 Temple: D:4-7

Altars:

Shops:
D:3 *


Innate Abilities, Weirdness & Mutations

You have a pair of horns on your head.
You reflexively headbutt those who attack you in melee.


Message History

You barely miss the adder. Your headbutt misses the adder.
You feel sick.
An orc priest comes into view. It is wielding a +0 hand axe.
The adder barely misses you. The quokka closely misses you.
The orc priest shouts!
You slash the adder!
You kill the adder!
You barely miss the quokka. You completely miss the orc.
You feel sick.
The orc priest calls down the wrath of Beogh upon you.
Beogh smites you! The orc hits you with a +0 whip. The quokka bites you.
You block the orc's attack.
You closely miss the orc wizard. You slash the orc!
You kill the orc!
You hit the quokka.
You feel sick.
You are no longer poisoned.
The quokka bites you but does no damage.
You block the orc wizard's attack. The quokka barely misses you.
You slash the quokka!
You kill the quokka!
You hit the orc wizard.
The orc wizard points at you and mumbles some strange words.
You resist with some effort.
You closely miss the orc wizard.
The orc wizard is heavily wounded.
The orc priest looks encouraged for a moment.
The orc wizard points at you and mumbles some strange words.
You are confused.
The orc priest calls upon Beogh to heal the orc wizard.
The orc wizard is healed somewhat.
You are too confused!
You are too confused!
You are too confused!
You are too confused!
You are too confused!
You are too confused!
You are too confused!
You are too confused!
You are too confused!
You are too confused!
You are too confused!
You bump into the rock wall.
The orc wizard hits you but does no damage.
You can't go up here!
The orc wizard attacks as you move away!
The orc wizard barely misses you.
The orc priest hits you but does no damage.
There is a stone staircase leading up here.
You hit the orc priest.
The orc priest is lightly wounded.
You hit the orc wizard.
The orc priest hits you with a +0 hand axe.
The orc wizard completely misses you.
The orc wizard hits you with a +0 dagger of venom.
You are poisoned.
The orc priest invokes the aid of Beogh against you.
Beogh smites you!
You climb upwards.
You feel less confused.
You feel very sick.
There is a stone staircase leading down here.
You closely miss the orc wizard.
The orc wizard is heavily wounded.
You slash the orc priest!
You feel sick.
The orc priest hits you with a +0 hand axe.
You block the orc wizard's attack.
You are too injured to fight recklessly!
You are too injured to fight recklessly!
You are too injured to fight recklessly!
You are too injured to fight recklessly!
You are too injured to fight recklessly!
You are too injured to fight recklessly!
You are too injured to fight recklessly!
You barely miss the orc wizard.
The orc wizard is heavily wounded.
You barely miss the orc priest.
You feel sick.
The orc priest hits you with a +0 hand axe.
* * * LOW HITPOINT WARNING * * *
The orc wizard hits you but does no damage.
You are more poisoned.
The orc priest hits you with a +0 hand axe.
* * * LOW HITPOINT WARNING * * *
You block the orc wizard's attack.
You closely miss the orc wizard. Your headbutt misses the orc wizard.
The orc wizard is heavily wounded.
You hit the orc priest.
You feel very sick.
The orc priest mumbles some strange prayers to Beogh against you.
Pain shoots through your body!
* * * LOW HITPOINT WARNING * * *
The orc wizard hits you with a +0 dagger of venom.
* * * LOW HITPOINT WARNING * * *
You are lethally poisoned!
You hit the orc priest but do no damage.
The orc priest is almost dead.
You slash the orc wizard!
You kill the orc wizard!
* * * LOW HITPOINT WARNING * * *
You feel very sick.
The orc priest invokes the aid of Beogh against you.
Beogh smites you!
You die...

.....######'####.........##.#
<....#.........#.....##.....#
.....#.........#.....#..#####
.....#.........#.....#.##
.....#...........^.....#
.....####....##...######
.....# #....##...# .....#
#....##.).# .....#
##....##o@.# ######
#.....##.### #......#.#
#...PP...# #...∩P...#
##..PP...# #......## ########


You could see an orc priest.

Vanquished Creatures
  An orc priest (D:3)
  Natasha (thrice) (D:3)
  An orc wizard (D:3)
  2 adders
  An ufetubus (D:4)
  A dart slug (D:1)
  5 orcs
  5 ball pythons
  5 bats
  5 endoplasms
  2 giant cockroaches (D:1)
  6 goblins
  9 hobgoblins
  2 jackals (D:1)
  7 kobolds
  3 quokkas
  2 frilled lizards
  6 rats
66 creatures vanquished.

Notes
Turn   | Place    | Note
-------+----------+-------------------------------------------
     0 | D:1      | Flugkiller the Minotaur Fighter began the quest for the
                  | Orb.
     0 | D:1      | Reached XP level 1. HP: 19/19 MP: 0/0
   243 | D:1      | Reached skill level 3 in Axes
   243 | D:1      | Reached XP level 2. HP: 27/27 MP: 1/1
   369 | D:1      | Reached XP level 3. HP: 32/33 MP: 2/2
   563 | D:1      | Found a faded altar of an unknown god.
  1434 | D:3      | Found Ikhliguh's Assorted Antiques.
  1569 | D:3      | Reached skill level 4 in Axes
  1579 | D:3      | Reached XP level 4. HP: 41/41 MP: 3/3
  1588 | D:3      | Noticed Natasha
  1597 | D:3      | Killed Natasha
  1873 | D:3      | Noticed Natasha
  1883 | D:3      | Killed Natasha
  1884 | D:3      | Reached XP level 5. HP: 33/47 MP: 4/4
  1895 | D:3      | Noticed Natasha
  1901 | D:3      | Killed Natasha
  1902 | D:3      | Reached skill level 5 in Axes
  1958 | D:3      | HP: 2/47 [poisoned by an orc wizard]
  1958 | D:3      | Killed from afar by an orc priest

Illustrated notes

Levels and vault maps discovered:
D:1:      psy_arrival_basics, layout_loops_ring,
          hellmonk_ecumenical_altar_leap_of_faith
D:2:      layout_loops_ring, grunt_decor_cap
D:3:      layout_basic, serial_shops, nicolae_shop_overgrown_old_shop,
          uniq_natasha
D:4:      minmay_clustersquares, layout_cave_pools,
          lemuel_zombie_altar_yredelemnul, uniq_robin, uniq_crazy_yiuf_cottage

Skill      XL: |  1  2  3  4  5 |
---------------+----------------+-----
Axes           | 3 4 5 |  5.2
Armour         | 4 |  4.9
Fighting       | 4 |  4.8
Shields        | |  3.6

Action                   |  1- 3 |  4- 6 || total
-------------------------+-------+-------++-------
Melee: War axe           |    89 |    42 ||   131
       Headbutt          |    12 |     3 ||    15
Armor: Scale mail        |    40 |    20 ||    60
Dodge: Dodged            |    50 |    22 ||    72
Block: Buckler           |    22 |    11 ||    33

Table legend: (Time is in decaauts)
 A = Elapsed time spent in this place.
 B = Non-inter-level travel time spent in this place.
 C = Inter-level travel time spent in this place.
 D = Time resting spent in this place.
 E = Time spent auto-exploring this place.
 F = Levels seen in this place.
 G = Mean time per level.
                   A        B        C        D        E       F      G
               +--------+--------+--------+--------+--------+-----+--------+
         Total |   2012 |   1930 |     82 |      0 |   1567 |   4 |  503.0 |
       Dungeon |   2012 |   1930 |     82 |      0 |   1567 |   4 |  503.0 |
               +--------+--------+--------+--------+--------+-----+--------+

Top non-repeatable levels by time:
     D:1: 677 daAuts
     D:3: 676 daAuts
     D:2: 642 daAuts
     D:4: 16 daAuts
